 Dungeon Crawl Stone Soup version 0.29.1-15-g9cfb28693d (webtiles) character file.

Game seed: 13319635864627035379

4 Hugehornet the Insei (level 1, -1/13 HPs)
             Began as an Octopode Transmuter on Mar 30, 2023.
             Slain by a jackal (2 damage)
             ... on level 1 of the Dungeon.
             The game lasted 00:00:22 (30 turns).

Hugehornet the Insei (Octopode Transmuter)            Turns: 30, Time: 00:00:22

Health: -1/13      AC:  1    Str:  9    XL:     1   Next: 70%
Magic:  2/3        EV:  7    Int: 15    God:
Gold:   0          SH:  0    Dex: 12    Spells: 3/4 levels left

rFire   . . .      SeeInvis .     - Unarmed
rCold   . . .      Faith    .   (no shield)
rNeg    . . .      Spirit   .   (helmet currently unavailable)
rPois   .          Reflect  .   (no amulet)
rElec   .          Harm     .   (no ring)
rCorr   .          Rampage  .   (no ring)
Will    .....                   (no ring)
Stlth   ++........              (no ring)
HPRegen 0.04/turn               (no ring)
MPRegen 0.08/turn               (no ring)
                                (no ring)
                                (no ring)

@: appendages (expiring), held
A: tentacle spike 3, almost no armour, amphibious, 8 rings, camouflage 1,
gelatinous body 1, (nimble swimmer 1), tentacles
a: End Transformation


You were on level 1 of the Dungeon.
One of your tentacles had grown a beastly spike.
You visited 1 branch of the dungeon, and saw 1 of its levels.

Inventory:

Potions
 a - 2 potions of lignification


   Skills:
 + Level 1.1 Fighting
 + Level 2.0 Dodging
 * Level 3.0 Unarmed Combat
 + Level 2.0 Spellcasting
 * Level 2.1 Transmutations


You had 3 spell levels left.
You knew the following spells:

 Your Spells              Type           Power      Damage    Failure   Level
a - Beastly Appendage     Tmut           14%        N/A       10%         1

Your spell library contained the following spells:

 Spells                   Type           Power      Damage    Failure   Level
 Wereblood                Tmut           7%         N/A       14%         2
 Spider Form              Tmut/Pois      4%         N/A       38%         3
 Ice Form                 Ice/Tmut       4%         N/A       80%         4


Dungeon Overview and Level Annotations

Branches:
Dungeon (1/15)

Altars:


Innate Abilities, Weirdness & Mutations

One of your tentacles has grown a beastly spike.
You cannot wear most types of armour.
You are amphibious.
You can wear up to eight rings at the same time.
Your skin changes colour to match your surroundings (Stealth+).
Your rubbery body absorbs attacks. (AC +1, EV +1)
((You are camouflaged when in or above water. (Stealth+)))
You have tentacles for arms and can constrict up to eight enemies at once.


Message History

The jackal pulls away from the web.
You barely miss the jackal.
You pierce the jackal.
The jackal is almost dead.
You constrict the jackal.
You kill the jackal!
The jackal evades a web.
You barely miss the jackal. You grab the jackal.
Your transformation is almost over.
You constrict the jackal, but do no damage.
The jackal bites you but does no damage.
The jackal is caught in a web!
You tentacle-slap the jackal.
You pierce the jackal, but do no damage.
You squeeze the jackal.
You kill the jackal!
A rat comes into view.
The jackal pulls away from the web.
The jackal is caught in a web!
You tentacle-slap the hobgoblin but do no damage.
Your grab misses the hobgoblin.
The jackal pulls away from the web.
The endoplasm barely misses you. The hobgoblin barely misses you.
You closely miss the hobgoblin. Your grab misses the hobgoblin.
You pierce the hobgoblin.
You squeeze the hobgoblin.
You kill the hobgoblin!
The jackal bites you. x2; The endoplasm hits you.
The jackal bites you. The jackal closely misses you.
You tentacle-slap the rat.
You kill the rat!
The endoplasm freezes you.
You are frozen.
* * * LOW HITPOINT WARNING * * *
The jackal barely misses you. The jackal bites you.
* * * LOW HITPOINT WARNING * * *
The endoplasm attacks as you move away!
The endoplasm hits you but does no damage.
You are caught in the web!
The jackal bites you but does no damage.
There is a web here.
You struggle to detach yourself from the web.
The jackal bites you.
You die...

######..#...
#..........##
#............
#..........###
#......r..... .#
#..........# ###.#
#....^^^.?.# #...
#...Jhh....#####.####
#####@^.####........#
##.#####........#
#..............#
#.?..######........##
...... #........[.
##.... #.#####'###
#.... #.#PPP#.#PP
#.... #.#P⌠P#.#P⌠
..$.. #.#PPP#.#PP


You could see an endoplasm, 2 jackals and a rat.

Vanquished Creatures
  A hobgoblin (D:1)
  2 jackals (D:1)
  A rat (D:1)
4 creatures vanquished.

Notes
Turn   | Place    | Note
-------+----------+-------------------------------------------
     0 | D:1      | Hugehornet the Octopode Transmuter began the quest for the
                  | Orb.
     0 | D:1      | Reached XP level 1. HP: 13/13 MP: 3/3
    17 | D:1      | Found a faded altar of an unknown god.
    30 | D:1      | Slain by a jackal

Illustrated notes

Levels and vault maps discovered:
D:1:      beargit_arrival_greenhouse, layout_basic,
          ebering_ecumenical_altar_webs, minivault_23, minmay_unequal

Action                   || total
-------------------------++-------
Melee: Unarmed           ||     7
       Kick              ||     3
       Constrict         ||     2
       Tentacles         ||     2
 Cast: Beastly Appendage ||     1
Armor: Skin              ||     3
Dodge: Dodged            ||     4
